 Dungeon Crawl Stone Soup version 0.27-a0-1519-gc8121b24ce (webtiles) character file.

Game seed: 588763991995160575

109727 Feb132020 the Bludgeoner (level 16, -11/108 HPs)
             Began as a Gargoyle Earth Elementalist on July 9, 2021.
             Was an Elder of Ashenzari.
             Mangled by an elephant (22 damage)
             ... summoned by a spriggan berserker
             ... on level 1 of the Swamp on July 10, 2021.
             The game lasted 02:16:52 (28470 turns).

Feb132020 the Bludgeoner (GrEE)                    Turns: 28470, Time: 02:16:53

Health: -11/108    AC: 51    Str: 19    XL:     16   Next: 53%
Magic:  25/31      EV: 11    Int: 19    God:    Ashenzari [****..]
Gold:   2124       SH: 16    Dex: 16    Spells: 25/37 levels left

rFire    . . .     SeeInvis +   n - +3 morningstar (protect)
rCold    . . .     Faith    .   d - +2 buckler "Stellar Soothsayer" {Fort, Bglg} (curse)
rNeg     + + .     Spirit   .   A - +7 chain mail "Cursed Foul Odors" {Str+3, Melee, Alch} (curse)
rPois    ∞         Reflect  +   i - +2 hat of the Eternal Augurer {Bglg, Self} (curse)
rElec    +         Harm     +   F - +2 cloak of the Ruined Atheism {Cun, Self} (curse)
rCorr    .         Rampage  .   D - +0 pair of gloves of Desmomancy {Harm Fly rN+, Fort, Alch} (curse)
Will     +....     Clarity  +   (no boots)
Stlth    +.........             e - amulet of the Mantic God {Reflect Harm Slay+3 SH+5, Self, Elem} (curse)
HPRegen  0.28/turn              g - ring "Lashed With Me" {Dex+6, Melee, Fort} (curse)
MPRegen  0.22/turn              C - +4 ring of protection

@: about to teleport, under a protective aura, flying
A: sickness immunity, AC +12, big wings, negative energy resistance 1,
electricity resistance, torment resistance 1, petrification resistance
a: Renounce Religion, Shatter the Chains


You were on level 1 of the Swamp.
You worshipped Ashenzari.
Ashenzari was greatly pleased with you.
You visited 5 branches of the dungeon, and saw 19 of its levels.
You also visited: Ossuary, Ice Cave and Volcano.

You collected 7080 gold pieces.
You spent 4956 gold pieces at shops.

Inventory:

Hand Weapons
 n - a +3 morningstar of protection (weapon)
Missiles
 c - 356 stones
 Y - 7 boomerangs of dispersal
Armour
 b - a +3 buckler of protection
 d - the cursed +2 buckler "Stellar Soothsayer" (worn) {Fort, Bglg}
   (You found it on level 3 of the Dungeon)

   It has a curse which improves the following skills: Fortitude: Armour and
   Shields.
   Beguiling: Conjurations, Hexes and Translocations.
 i - the cursed +2 hat of the Eternal Augurer (worn) {Bglg, Self}
   (You found it on level 2 of the Dungeon)

   It has a curse which improves the following skills: Beguiling: Conjurations,
   Hexes and Translocations.
   Introspection: Fighting and Spellcasting.
 k - the +2 cloak of the Thinker {Dex+4}
   (You found it on level 1 of the Swamp)

   Dex:       It affects your dexterity (+4).
 y - a +3 scale mail of willpower
 A - the cursed +7 chain mail "Cursed Foul Odors" (worn) {Str+3, Melee, Alch}
   (You found it on level 7 of the Dungeon)

   Str:       It affects your strength (+3).
   It has a curse which improves the following skills: Melee Combat: Short
   Blades, Long Blades, Axes, Maces & Flails, Polearms, Staves and Unarmed
   Combat.
   Alchemy:   Poison Magic and Transmutations.
 D - the cursed +0 pair of gloves of Desmomancy (worn) {Harm Fly rN+, Fort, Alch}
   (You bought it in a shop on level 8 of the Dungeon)

   rN:        It protects you from negative energy.
   Fly:       It grants you flight.
   Harm:      It increases damage dealt and taken.
   It has a curse which improves the following skills: Fortitude: Armour and
   Shields.
   Alchemy:   Poison Magic and Transmutations.
 F - the cursed +2 cloak of the Ruined Atheism (worn) {Cun, Self}
   (You bought it in a shop on level 9 of the Dungeon)

   It has a curse which improves the following skills: Cunning: Dodging and
   Stealth.
   Introspection: Fighting and Spellcasting.
 I - the +1 ring mail of Paranoia {rC++ Int+3}
   (You found it on level 1 of the Lair of Beasts)

   Int:       It affects your intelligence (+3).
   rC:        It greatly protects you from cold.
 N - a +0 pair of gloves of strength
 R - a +3 leather armour of fire resistance
 S - a +2 buckler of fire resistance
 T - a +0 buckler of cold resistance
 U - a +2 tower shield of cold resistance
 V - a +2 scale mail of cold resistance
Jewellery
 e - the cursed amulet of the Mantic God (around neck) {Reflect Harm Slay+3 SH+5, Self, Elem}
   (You acquired it on level 1 of the Orcish Mines)

   [amulet of reflection]

   It reflects blocked missile attacks.
   Slay:      It affects your accuracy & damage with ranged weapons and melee
   (+3).
   SH:        It affects your SH (+5).
   Harm:      It increases damage dealt and taken.
   It has a curse which improves the following skills: Introspection: Fighting
   and Spellcasting.
   Elements:  Fire Magic, Ice Magic, Air Magic and Earth Magic.
 g - the cursed ring "Lashed With Me" (left hand) {Dex+6, Melee, Fort}
   (You found it on level 1 of the Dungeon)

   [ring of dexterity]

   Dex:       It affects your dexterity (+6).
   It has a curse which improves the following skills: Melee Combat: Short
   Blades, Long Blades, Axes, Maces & Flails, Polearms, Staves and Unarmed
   Combat.
   Fortitude: Armour and Shields.
 l - a ring of resist corrosion
 p - a ring of fire
 r - a ring of ice
 B - a ring of ice
 C - a +4 ring of protection (right hand)
 M - a ring of wizardry
 X - an amulet of regeneration
Wands
 K - a wand of iceblast (23)
 W - a wand of flame (39)
Scrolls
 h - 2 scrolls of holy word
 j - 5 scrolls of fog
 o - 5 scrolls of teleportation
 s - 3 scrolls of magic mapping
 L - a scroll of blinking
 Z - a scroll of brand weapon
Potions
 a - 2 potions of cancellation
 f - 3 potions of magic
 m - 3 potions of haste
 q - 10 potions of curing
 t - 4 potions of invisibility
 u - a potion of ambrosia
 v - a potion of heal wounds
 w - 6 potions of might
 x - 3 potions of flight
 z - 2 potions of mutation
 J - 5 potions of brilliance
 Q - a potion of resistance
Miscellaneous
 H - a phial of floods (inert)


   Skills:
 + Level 11.0(15.2) Fighting
 + Level 15.8(18.7) Maces & Flails
 * Level 12.3(16.4) Armour
 + Level 5.2(7.5) Dodging
 + Level 5.0(7.2) Stealth
 * Level 13.9(18.0) Shields
 + Level 0.8(2.6) Unarmed Combat
 + Level 6.5(11.1) Spellcasting
 + Level 7.9(11.4) Conjurations
 + Level 1.0(3.0) Transmutations
 + Level 9.0(11.2) Earth Magic
 + Level 0.8 Evocations


You had 25 spell levels left.
You knew the following spells:

 Your Spells              Type           Power      Damage    Failure   Level
a - Sandblast             Erth           100%       2d20      1%          1
b - Stone Arrow           Conj/Erth      100%       3d13      1%          3
c - Shock                 Conj/Air       100%       1d9       3%          1
l - Lee's Rapid Deconstr  Erth           26%        3d15*     10%         5
p - Passwall              Tmut/Erth      30%        N/A       3%          2

Your spell library contained the following spells:

 Spells                   Type           Power      Damage    Failure   Level
 Conjure Flame            Conj/Fire      32%        6-21      10%         3
 Petrify                  Tmut/Erth      37%        N/A       19%         4
 Fulminant Prism          Conj/Hex       16%        3d11      30%         4
 Iskenderun's Mystic Bla  Conj/Tloc      33%        2d8       30%         4
 Hailstorm                Conj/Ice       32%        3d8       32%         4
 Summon Small Mammal      Summ           40%        N/A       34%         1
 Corpse Rot               Necr/Air       N/A        N/A       45%         2
 Swiftness                Air            11%        N/A       67%         3
 Call Canine Familiar     Summ           10%        N/A       71%         3
 Ice Form                 Ice/Tmut       16%        N/A       87%         4
 Airstrike                Air            5%         N/A       97%         4
 Dispel Undead            Necr           10%        3d9       98%         4
 Death Channel            Necr           5%         N/A       100%        6
 Dispersal                Tloc           6%         N/A       100%        6
 Simulacrum               Ice/Necr       5%         N/A       100%        6
 Disjunction              Tloc           6%         N/A       100%        8
 Lehudib's Crystal Spear  Conj/Erth      26%        10d7      100%        8


Dungeon Overview and Level Annotations

Branches:
Dungeon (9/15)             Temple (1/1) D:5            Lair (6/6) D:9
  Swamp (1/4) Lair:4        Snake (0/4) Lair:3        Slime (0/5) Lair:6
    Orc (2/2) D:9             Elf (0/3) Orc:2       Ossuary (visited)
  IceCv (visited)         Volcano (visited)

Altars:
Ashenzari
Cheibriados
Dithmenos
Elyvilon
Fedhas
Gozag
Hepliaklqana
Kikubaaqudgha
Makhleb
Nemelex Xobeh
Okawaru
Qazlal
Ru
Sif Muna
Trog
Uskayaw
Vehumet
Wu Jian
Xom
Yredelemnul
Zin
The Shining One
Beogh
Jiyva

Shops:
D:8 [   D:9 ([   Orc:1 *[?*?   Orc:2 ***?

Annotations:
D:2 exclusions: orc, orc priest and orc wizard


Innate Abilities, Weirdness & Mutations

You are immune to sickness and miasma.
Your stone body is resilient. (AC +12)
You are immune to poison.
Your large and strong wings let you fly.
You resist negative energy. (rN+)
You are resistant to electric shocks. (rElec)
You are resistant to unholy torment.
You are immune to petrification.


Message History

The swamp worm bites you!
* * * LOW HITPOINT WARNING * * *
Unknown command.
Unknown command.
You completely miss the swamp worm.
The swamp worm is heavily wounded.
You block the spriggan rider's attack.
The swamp worm bites you but does no damage.
You impale the swamp worm!!
Your weapon exudes an aura of protection.
You kill the swamp worm!
An eleionoma comes into view.
The spriggan rider hits you but does no damage.
Casting: Stone Arrow (safe; 1% risk of failure)
Confirm with . or Enter, or press ? or * to list all spells.
Aiming: Stone Arrow (safe; 1% risk of failure)
Press: ? - help, Shift-Dir - straight line The stone arrow hits the spriggan rider!!
You kill the spriggan rider!
You kill the hornet!
You block the elephant's attack. The elephant barely misses you.
Unknown command.
You hit the elephant.
The elephant is lightly wounded.
You block the elephant's attack.
The elephant trunk-slaps you but does no damage.
Unknown command.
As you read the scroll of teleportation, it crumbles to dust.
You feel strangely unstable. You block the elephant's attack.
The elephant trunk-slaps you but does no damage.
The spriggan berserker invokes Trog's protection!
The elephant tramples you but does no damage.
The elephant trunk-slaps you but does no damage.
Unknown command.
You sock the elephant!
The elephant is lightly wounded.
The swamp worm fires a harpoon shot at you.
The harpoon shot hits you but does no damage.
You block the elephant's attack. x2
The elephant tramples you!!
You die...

, ≈
≈≈≈≈≈≈§§...♣♣.≈≈.≈≈.≈♣♣♣<≈
*
≈≈≈≈≈≈≈§..♣♣♣≈≈≈≈≈≈≈.≈≈..≈
*
≈≈≈≈Rw≈≈§§..♣.≈≈≈≈≈≈≈.≈♣≈.≈
**
≈≈≈≈≈i≈≈≈≈.♣♣♣...≈≈≈≈≈.....
≈≈≈≈>≈≈≈§.$♣♣♣...≈≈§≈≈≈§§†≈
,
≈≈≈≈≈≈≈≈≈≈).♣.♣..≈≈≈≈≈≈≈≈.♣
≈≈ ≈≈≈≈≈≈≈.♣♣♣♣♣♣..≈...≈.♣♣
* , , ≈
≈≈≈≈≈≈Y.♣♣♣♣♣♣≈≈♣♣♣♣♣♣♣ ≈
≈≈≈≈≈≈≈@♣♣♣♣≈.♣♣♣♣♣♣♣♣ ≈
≈≈.≈≈....♣♣♣.≈/♣♣♣ ≈ ,
.........♣♣.≈≈♣♣ ≈ *
,...♣.♣♣♣.♣♣♣≈♣♣ ≈ * **
*♣.♣♣♣ ♣♣ ♣♣♣ ≈ *♣. * ≈ ≈,,
, * ≈≈ * , , * *


You could see an eleionoma, an elephant (summoned, berserk), a spriggan
berserker (regenerating, strong-willed) and a swamp worm.

Vanquished Creatures
  Rupert (Orc:2)
  Kirke (Lair:6)
  An orc warlord (Orc:1)
  Snorg (D:9)
  2 eleionomae (Swamp:1)
  An ettin (Orc:2)
  A fire dragon (Volcano)
  Erolcha (Orc:1)
  2 boulder beetles
  A spriggan air mage (Swamp:1)
  2 catoblepae
  9 hydras
  3 alligators (Swamp:1)
  2 two-headed ogres (D:8)
  9 death yaks
  A spriggan berserker (Swamp:1)
  5 orc high priests (Orc:2)
  A spriggan (Swamp:1)
  Nergalle (Orc:1)
  A goliath frog (Swamp:1)
  A spriggan druid (Swamp:1)
  4 lindwurms (Volcano)
  3 bog bodies
  9 orc knights
  A wolf spider (Lair:6)
  5 orc sorcerers
  A cyclops (Orc:1)
  A manticore (D:8)
  A deep elf pyromancer (D:8)
  A will-o-the-wisp (Swamp:1)
  11 elephants
  19 black mambas
  A guardian serpent (Lair:6)
  An ice statue (IceCv)
  A smoke demon (Volcano)
  27 cane toads
  Maggie (D:8)
  2 anaconda simulacra (IceCv)
  16 komodo dragons
  An entropy weaver simulacrum (IceCv)
  4 trolls
  9 polar bears (Lair:6)
  2 tyrant leeches (Lair:4)
  Grinder (D:5)
  3 hornets
  10 dream sheep
  3 raiju (Lair:6)
  29 blink frogs
  Prince Ribbit (D:7)
  3 redbacks (Lair:6)
  18 wyverns
  17 yaks
  A shadow (D:9)
  A dire elephant simulacrum (IceCv)
  5 hogs
  4 death yak simulacra (IceCv)
  6 basilisks
  3 steam dragons (Volcano)
  7 wargs
  2 harpy simulacra (IceCv)
  4 swamp worms
  2 nagas (Lair:3)
  23 water moccasins
  18 hell hounds
  2 sky beasts (D:5)
  3 swamp drakes (Swamp:1)
  4 ice beasts
  47 orc warriors
  11 ogres
  13 black bears
  3 necrophages
  31 wolves
  6 centaurs
  2 phantoms
  A kobold brigand (D:8)
  12 bullfrogs
  Blork the orc (D:5)
  5 scorpions
  3 water moccasin zombies
  5 two-headed ogre simulacra (IceCv)
  A cane toad simulacrum (IceCv)
  2 water moccasin skeletons
  3 jellies
  3 elephant simulacra (IceCv)
  10 wights
  An electric eel (D:7)
  A howler monkey (D:6)
  A centaur zombie (D:7)
  2 bullfrog zombies
  6 hounds
  2 gnoll shamans
  A bullfrog skeleton (D:6)
  28 orc priests
  24 orc wizards
  3 iguanas
  9 hell rats
  2 spriggan simulacra (IceCv)
  A wolf simulacrum (Lair:5)
  4 polar bear simulacra (IceCv)
  6 troll simulacra (IceCv)
  A hound skeleton (D:5)
  2 mummies (Ossuary)
  9 gnolls
  8 adders
  5 naga simulacra (IceCv)
  7 river rats (Lair:3)
  2 shadow imps
  4 white imps (IceCv)
  10 ufetubi
  3 adder zombies (Ossuary)
  2 dart slugs
  72 orcs
  5 endoplasms
  A giant cockroach (D:1)
  4 gnoll zombies (Ossuary)
  7 goblins
  13 hobgoblins
  13 jackals
  16 kobolds
  2 quokkas
  8 ball pythons
  5 bats
  4 frilled lizards
  4 hobgoblin zombies (Ossuary)
  4 kobold zombies (Ossuary)
  5 orc zombies (Ossuary)
  9 rats
813 creatures vanquished.

Vanquished Creatures (others)
  A bloated husk (Swamp:1)
  An orc (Orc:2)
  A hobgoblin (D:8)
  5 foxfires (Swamp:1)
  61 fungi
  155 plants
224 creatures vanquished.

Grand Total: 1037 creatures vanquished

Notes
Turn   | Place    | Note
-------+----------+-------------------------------------------
     0 | D:1      | Feb132020 the Gargoyle Earth Elementalist began the quest
                  | for the Orb.
     0 | D:1      | Reached XP level 1. HP: 10/10 MP: 3/3
   194 | D:1      | Reached XP level 2. HP: 15/15 MP: 0/5
   273 | D:1      | Found a faded altar of an unknown god.
   436 | D:1      | Reached XP level 3. HP: 19/19 MP: 3/6
   439 | D:1      | Learned a level 2 spell: Passwall
   443 | D:1      | Learned a level 3 spell: Stone Arrow
  1411 | D:2      | Noticed a necrophage
  1416 | D:2      | Killed a necrophage
  1417 | D:2      | Reached skill level 1 in Conjurations
  1417 | D:2      | Reached skill level 5 in Earth Magic
  1417 | D:2      | Reached XP level 4. HP: 24/24 MP: 3/8
  1417 | D:2      | Reached XP level 5. HP: 28/28 MP: 3/9
  3877 | D:4      | Reached skill level 1 in Fighting
  3877 | D:4      | Reached skill level 1 in Maces & Flails
  3877 | D:4      | Reached XP level 6. HP: 16/34 MP: 6/10
  3917 | D:4      | Found a sand-covered staircase.
  4039 | Ossuary  | Entered an ossuary
  4162 | Ossuary  | Reached skill level 2 in Maces & Flails
  4724 | D:4      | Found a shadowy altar of Dithmenos.
  4943 | D:4      | Reached XP level 7. HP: 34/38 MP: 11/11
  5005 | D:4      | Reached skill level 3 in Maces & Flails
  5354 | D:5      | Entered Level 5 of the Dungeon
  5448 | D:5      | Noticed Grinder
  5571 | D:5      | Noticed Blork the orc
  5573 | D:5      | Killed Blork the orc
  5646 | D:5      | Reached skill level 4 in Maces & Flails
  5646 | D:5      | Reached XP level 8. HP: 40/44 MP: 10/13
  6092 | D:5      | Found a bloodstained altar of Trog.
  6293 | D:5      | Found a staircase to the Ecumenical Temple.
  6323 | Temple   | Entered the Ecumenical Temple
  6413 | Temple   | Became a worshipper of Ashenzari the Shackled
  6664 | D:5      | Reached skill level 5 in Maces & Flails
  6957 | D:5      | Killed Grinder
  6958 | D:5      | Reached skill level 5 in Conjurations
  6958 | D:5      | Reached XP level 9. HP: 45/49 MP: 9/15
  7120 | D:6      | Reached skill level 6 in Maces & Flails
  7409 | D:6      | Learned a level 1 spell: Shock
  8008 | D:6      | Reached skill level 7 in Maces & Flails
  8123 | D:7      | Reached skill level 1 in Shields
  8250 | D:7      | Reached skill level 1 in Armour
  8250 | D:7      | Reached skill level 5 in Spellcasting
  8382 | D:7      | Reached XP level 10. HP: 55/56 MP: 17/17
  8417 | D:7      | Noticed Prince Ribbit
  8689 | D:7      | Found a burning altar of Makhleb.
  8689 | D:7      | Found a glowing golden altar of the Shining One.
  8689 | D:7      | Found a blossoming altar of Fedhas.
  8743 | D:7      | Identified the +7 chain mail of Demonic Brilliance {Str+3}
  8787 | D:7      | Killed Prince Ribbit
  9240 | D:8      | Reached * piety under Ashenzari
  9257 | D:8      | Noticed Maggie
  9267 | D:8      | Noticed a manticore
  9282 | D:8      | Killed a manticore
  9283 | D:8      | Reached skill level 8 in Maces & Flails
  9293 | D:8      | Killed Maggie
  9740 | D:8      | Noticed a deep elf pyromancer
  9748 | D:8      | Killed a deep elf pyromancer
 10107 | D:8      | Found Ikirphot's Antique Armour Shop.
 10115 | D:8      | Bought a pair of ancient gloves for 199 gold pieces
 10115 | D:8      | Identified the +0 pair of gloves of a sewer {Harm Fly rN+}
                  | (You bought it in a shop on level 8 of the Dungeon)
 10158 | D:8      | Noticed a two-headed ogre
 10171 | D:8      | Killed a two-headed ogre
 10172 | D:8      | Reached skill level 9 in Maces & Flails
 10172 | D:8      | Reached XP level 11. HP: 32/64 MP: 20/20
 10364 | D:8      | Found a white marble altar of Elyvilon.
 11110 | D:9      | Reached skill level 5 in Fighting
 11110 | D:9      | Reached skill level 5 in Shields
 11127 | D:9      | Found Ovathrat's Armour Shoppe.
 11129 | D:9      | Found a staircase to the Orcish Mines.
 11131 | D:9      | Found Yzeq's Weapon Shoppe.
 11141 | D:9      | Bought a +2 cloak for 231 gold pieces
 11163 | D:9      | Found a staircase to the Lair.
 11299 | D:9      | Found an ornate altar of the Wu Jian Council.
 11662 | D:9      | Reached ** piety under Ashenzari
 11721 | D:9      | Noticed a two-headed ogre
 11731 | D:8      | Killed a two-headed ogre
 11850 | D:9      | Reached skill level 5 in Armour
 12036 | D:9      | Found a hazy altar of Hepliaklqana.
 12142 | Lair:1   | Entered Level 1 of the Lair of Beasts
 12179 | Lair:1   | Reached skill level 10 in Maces & Flails
 12254 | Lair:1   | Identified the +1 robe "Cown" {Will+}
 12424 | Lair:1   | Identified the +1 ring mail of Paranoia {rC++ Int+3}
 12811 | Lair:1   | Noticed a six-headed hydra
 12823 | Lair:1   | Killed a six-headed hydra
 12824 | Lair:1   | Reached XP level 12. HP: 43/75 MP: 13/23
 13708 | Lair:2   | Reached skill level 11 in Maces & Flails
 14423 | Lair:2   | Noticed a six-headed hydra
 14438 | Lair:2   | Killed a six-headed hydra
 14631 | Lair:2   | Noticed a boulder beetle
 14657 | Lair:2   | Killed a boulder beetle
 14847 | Lair:2   | Reached XP level 13. HP: 81/82 MP: 22/24
 14867 | Lair:2   | Reached skill level 12 in Maces & Flails
 15944 | Lair:3   | Found a staircase to the Snake Pit.
 16424 | Lair:3   | Identified a scroll of acquirement
 16432 | Lair:3   | Acquired a +0 pair of gloves of strength
 17058 | Lair:4   | Reached *** piety under Ashenzari
 17421 | Lair:4   | Reached **** piety under Ashenzari
 17484 | Lair:3   | Reached skill level 13 in Maces & Flails
 17484 | Lair:3   | Reached skill level 10 in Shields
 17648 | Lair:4   | Found a staircase to the Swamp.
 17844 | Lair:4   | Found an ornate altar of the Wu Jian Council.
 17968 | Lair:4   | Gained mutation: Your large and strong wings let you fly.
                  | [Gargoyle growth]
 17968 | Lair:4   | Reached XP level 14. HP: 92/92 MP: 27/27
 18229 | Lair:5   | Found a dark tunnel.
 18238 | Volcano  | Entered a volcano
 18278 | Volcano  | Reached skill level 10 in Armour
 18601 | Lair:5   | Found a frozen archway.
 18632 | IceCv    | Entered an ice cave
 19521 | IceCv    | Identified the Guide on Creative Confrontation
 20105 | Lair:5   | Reached skill level 14 in Maces & Flails
 20975 | Lair:6   | Entered Level 6 of the Lair of Beasts
 21046 | Lair:6   | Found a viscous altar of Jiyva.
 21047 | Lair:6   | Found a staircase to the Slime Pits.
 21296 | Lair:6   | Reached skill level 10 in Fighting
 21315 | Lair:6   | Reached XP level 15. HP: 87/99 MP: 28/28
 22148 | Lair:6   | Noticed Kirke
 22228 | Lair:4   | Identified the cursed +2 hat of the Eternal Augurer {Bglg,
                  | Self} (You found it on level 2 of the Dungeon)
 22228 | Lair:4   | Identified the cursed +2 buckler "Stellar Soothsayer"
                  | {Fort, Bglg} (You found it on level 3 of the Dungeon)
 22228 | Lair:4   | Identified the cursed ring "Lashed With Me" {Dex+6, Melee,
                  | Fort} (You found it on level 1 of the Dungeon)
 22757 | Lair:6   | Reached skill level 15 in Maces & Flails
 23742 | Lair:6   | Killed Kirke
 23810 | Lair:6   | Upgraded the game from 0.27-a0-1512-g99fd57bada to
                  | 0.27-a0-1519-gc8121b24ce
 23937 | Orc:1    | Entered Level 1 of the Orcish Mines
 23985 | Orc:1    | Noticed Erolcha
 24028 | Orc:1    | Killed Erolcha
 24068 | Orc:1    | Noticed Snorg
 24070 | Orc:1    | Paralysed by an orc sorcerer for 7 turns
 24071 | Orc:1    | Reached skill level 5 in Dodging
 24179 | D:9      | Killed Snorg
 24656 | Orc:1    | Found Tijerchog's Magic Scroll Boutique.
 24787 | Orc:1    | Noticed Nergalle
 24803 | Orc:1    | Killed Nergalle
 24827 | Orc:1    | Found Lirasa's Antique Armour Boutique.
 24829 | Orc:1    | Found Maofreph's Magic Scroll Shop.
 24830 | Orc:1    | Found Pecsuusal's General Store.
 24854 | Orc:1    | Bought 2 scrolls of acquirement for 1456 gold pieces
 24854 | Orc:1    | Acquired 1008 gold pieces
 24855 | Orc:1    | Acquired the amulet "Edoruu" {Reflect Harm Slay+3 SH+5}
 25004 | Orc:1    | Found Lobemo's Assorted Antiques.
 25012 | Orc:1    | Bought a scroll of enchant armour for 262 gold pieces
 25177 | Orc:2    | Entered Level 2 of the Orcish Mines
 25256 | Orc:2    | Noticed Rupert
 25256 | Orc:2    | Noticed an orc warlord
 25267 | Orc:1    | Killed an orc warlord
 25517 | Orc:2    | Paralysed by an orc sorcerer for 6 turns
 25707 | Orc:2    | Reached XP level 16. HP: 91/105 MP: 29/29
 25760 | Orc:2    | Reached skill level 1 in Transmutations
 25897 | Orc:2    | Found a staircase to the Elven Halls.
 26003 | Orc:2    | Learned a level 5 spell: Lee's Rapid Deconstruction
 26135 | Orc:2    | Paralysed by Rupert for 4 turns
 26146 | Orc:2    | Killed Rupert
 27485 | Orc:2    | Found Kinitex's General Store.
 27488 | Orc:2    | Found Igeol's Assorted Antiques.
 27489 | Orc:2    | Found Oxol's Assorted Antiques.
 27490 | Orc:2    | Found Piekir's Magic Scroll Emporium.
 27497 | Orc:2    | Bought a scroll of acquirement for 624 gold pieces
 27497 | Orc:2    | Acquired 678 gold pieces
 27614 | Orc:2    | Bought a scroll of acquirement for 728 gold pieces
 27614 | Orc:2    | Acquired 783 gold pieces
 27652 | Orc:2    | Bought a scroll of acquirement for 728 gold pieces
 27652 | Orc:2    | Bought a scroll of acquirement for 728 gold pieces
 27652 | Orc:2    | Acquired 741 gold pieces
 27654 | Orc:2    | Acquired 1301 gold pieces
 27773 | Orc:2    | Reached skill level 5 in Stealth
 27976 | Swamp:1  | Entered Level 1 of the Swamp
 28072 | Swamp:1  | Identified the +2 cloak of the Thinker {Dex+4}
 28442 | Swamp:1  | HP: 3/108 [vampire mosquito (8)]
 28462 | Swamp:1  | HP: 3/108 [swamp worm (12)]
 28470 | Swamp:1  | Mangled by an elephant

Illustrated notes

Levels and vault maps discovered:
D:1:      psy_arrival_radial02, layout_rooms,
          hellmonk_ecumenical_altar_dog_temple, chequers_serial_rivers_micro_e
D:2:      layout_basic
D:3:      layout_basic
D:4:      layout_basic, mainiacjoe_overflow_tiny_flanked,
          nicolae_ossuary_entry_plus, chequers_serial_rivers_room_b
D:5:      layout_gridville, mainiacjoe_overflow_alcove_4,
          minmay_temple_entry_trees, mrwooster_statue_mirror,
          wad_rectangle_vault, uniq_grinder, uniq_blork_the_orc
D:6:      layout_rooms, hangedman_decor_growths
D:7:      wad_river_or_something, layout_cave_pools,
          gammafunk_temple_overflow_forgotten, minmay_starry_boxes,
          uniq_prince_ribbit1
D:8:      kennysheep_housing_project, layout_loops_ring, kennysheep_mini,
          serial_shops, shop, minmay_misc_feat_room, uniq_maggie
D:9:      layout_roguey, general_overflow_altar,
          worldfamousw_hep_ancestral_shrine, david_lair_generic, orc_david_3
Temple:   eino_narrow_crystal_temple
Lair:1:   layout_regular_city, minmay_shattered_shrine, grunt_megastairs_4
Lair:2:   nzn_winding_woodlands_cross [nzn_winding_woodlands_5x15_split_checker,
          nzn_winding_woodlands_5x15_eye, nzn_winding_woodlands_5x15_zeroes,
          nzn_winding_woodlands_5x15_longhouse,
          nzn_winding_woodlands_15x15_thick_spiral], layout_chaotic_city,
          beast_lair_carwin_5
Lair:3:   layout_small_grid, minmay_snake_entry_guardpost_small,
          kennysheep_abandoned_house, serial_bayou_shore_a
Lair:4:   layout_regular_city, minmay_swamp_entry_worms, basic_altar
Lair:5:   layout_cave_pods, portal_ice_cave_entry_ice_simulacra,
          enter_volcano_3, minivault_25, chequers_serial_rivers_micro_b
Lair:6:   hangedman_lair_caniforms_friends, layout_small_grid,
          hangedman_lair_tendril_chambers, slime_altar_1, uniq_kirke
Swamp:1:  layout_basic_swamp, nicolae_swamp_ascending_descending_big,
          swamp_pool5
Orc:1:    layout_diamond_mine, serial_shops, shop_fountains,
          nicolae_shop_overgrown_old_shop, nicolae_shop_overgrown_old_shop,
          shop, shop, basic_altar, uniq_erolcha, uniq_nergalle, uniq_snorg
Orc:2:    st_orc_pillars, layout_caves, basic_altar, uniq_rupert

Skill      XL: |  1  2  3  4  5  6  7  8  9 10 11 12 13 14 15 16 |
---------------+-------------------------------------------------+-----
Earth Magic    | 4 5 6 7 8 9 |  9.0
Dodging        | 2 3 4 5 |  5.2
Conjurations   | 1 2 3 4 5 6 7 |  7.9
Fighting       | 1 2 3 4 6 7 8 10 11 | 11.0
Maces & Flails | 1 2 4 5 7 9 10 11 13 14 15 | 15.8
Stealth        | 3 4 5 |  5.0
Spellcasting   | 3 4 5 6 |  6.5
Shields        | 2 4 6 8 10 11 13 | 13.9
Armour         | 1 3 6 8 9 10 11 12 | 12.3
Transmutations | 1 |  1.0
Unarmed Combat | |  0.8
Evocations     | |  0.8

Action                   |  1- 3 |  4- 6 |  7- 9 | 10-12 | 13-15 | 16-18 || total
-------------------------+-------+-------+-------+-------+-------+-------++-------
Melee: Unarmed           |    10 |       |       |       |    26 |       ||    36
       Whip              |    28 |    67 |       |       |       |       ||    95
       Club              |    13 |       |       |       |       |       ||    13
       Morningstar       |       |   181 |   243 |   803 |  1680 |   244 ||  3151
 Cast: Sandblast         |    32 |    10 |    53 |    12 |    29 |    11 ||   147
       Stone Arrow       |       |     1 |    11 |       |    15 |    25 ||    52
       Passwall          |       |       |     3 |       |     4 |     3 ||    10
       Shock             |       |       |     6 |       |     4 |       ||    10
       Lee's Rapid Decon |       |       |       |       |       |     9 ||     9
Invok: Curse Item        |       |       |     1 |     2 |     4 |     1 ||     8
       Shatter the Chain |       |       |       |       |     1 |       ||     1
Evoke: Wand              |       |       |       |       |     3 |     4 ||     7
       Phial of floods   |       |       |       |       |     1 |     1 ||     2
  Use: Scroll            |       |     8 |     2 |     4 |     7 |    11 ||    32
       Potion            |       |       |       |     2 |     4 |     5 ||    11
 Stab: Sleeping          |     2 |    11 |     3 |     1 |     1 |       ||    18
       Distracted        |       |       |     1 |       |       |       ||     1
       Petrified         |       |       |       |       |     4 |       ||     4
Armor: Robe              |    11 |   111 |   103 |       |       |       ||   225
       Scale mail        |       |       |    60 |    28 |       |       ||    88
       Chain mail        |       |       |       |   546 |   931 |   116 ||  1593
Dodge: Dodged            |    44 |   154 |   188 |   291 |   699 |    69 ||  1445
Block: Buckler           |       |       |    11 |   267 |   796 |   175 ||  1249
       Reflection        |       |       |       |       |     3 |     5 ||     8

Table legend: (Time is in decaauts)
 A = Elapsed time spent in this place.
 B = Non-inter-level travel time spent in this place.
 C = Inter-level travel time spent in this place.
 D = Time resting spent in this place.
 E = Time spent auto-exploring this place.
 F = Levels seen in this place.
 G = Mean time per level.
                   A        B        C        D        E       F      G
               +--------+--------+--------+--------+--------+-----+--------+
         Total |  28113 |  26999 |   1114 |   2486 |  18346 |  22 | 1277.9 |
       Dungeon |  12253 |  11800 |    453 |   1120 |   8385 |   9 | 1361.4 |
        Temple |    207 |    193 |     14 |      0 |    186 |   1 |  207.0 |
          Lair |   9798 |   9408 |    390 |    437 |   6771 |   6 | 1633.0 |
         Swamp |    503 |    499 |      4 |      0 |    337 |   1 |  503.0 |
  Orcish Mines |   3345 |   3095 |    250 |    658 |   1538 |   2 | 1672.5 |
       Ossuary |    566 |    566 |      0 |      2 |    386 |   1 |  566.0 |
      Ice Cave |   1115 |   1115 |      0 |    213 |    614 |   1 | 1115.0 |
       Volcano |    322 |    322 |      0 |     56 |    127 |   1 |  322.0 |
               +--------+--------+--------+--------+--------+-----+--------+

Top non-repeatable levels by time:
  Lair:6: 2345 daAuts
   Orc:2: 1985 daAuts
  Lair:2: 1927 daAuts
     D:8: 1899 daAuts
     D:9: 1764 daAuts
     D:5: 1673 daAuts
  Lair:4: 1546 daAuts
  Lair:1: 1486 daAuts
     D:1: 1418 daAuts
   Orc:1: 1360 daAuts
  Lair:3: 1280 daAuts
  Lair:5: 1211 daAuts
     D:3: 1210 daAuts
     D:7: 1171 daAuts
     D:2: 1157 daAuts
